 Dungeon Crawl Stone Soup version 0.17-a0-1591-g7a45446 (webtiles) character file.

6674 carl the Nimble (level 10, -8/96 (98) HPs)
             Began as a Troll Monk on July 29, 2015.
             Was the Champion of Ru.
             Mangled by a 13-headed hydra (13 damage)
             ... on level 11 of the Dungeon.
             The game lasted 00:30:17 (9374 turns).

carl the Nimble (Troll Monk)                        Turns: 9374, Time: 00:30:18

HP:   -8/96 (98)    AC:  9    Str: 21    XL:     10   Next: 73%
MP:   9/9           EV: 13    Int:  9    God:    Ru [******]
Gold: 386           SH: 10    Dex: 12    Spells: 0 memorised, 9 levels left

rFire  . . .     SeeInvis +       - Unarmed
rCold  . . .     Clarity  +     m - +2 robe {rN+}
rNeg   + . .     SustAt   +     c - +0 shield
rPois  .         Gourm    +     l - +2 hat
rElec  .         Spirit   .     (no cloak)
rCorr  .         Warding  .     (gloves unavailable)
rMut   .         Stasis   .     (boots unavailable)
MR     .....                    B - amulet of clarity
Stlth  +.........               K - ring of see invisible
                                D - ring of sustain attributes

@: no potions, no scrolls, not resistant to hostile enchantments, very
unstealthy
A: unfitting armour, claws 3, fast metabolism 3, gourmand, regeneration 2,
shaggy fur 1, tough skin 2, no device heal 1, inability to drink while
threatened, inability to read while threatened, inability to use devices, hated
by all
a: Draw Out Power, Power Leap, Apocalypse, Renounce Religion


You were on level 11 of the Dungeon.
You worshipped Ru.
Ru was exalted by your worship.
You were very full.

You visited 1 branch of the dungeon, and saw 12 of its levels.

You collected 711 gold pieces.
You spent 325 gold pieces at shops.

Inventory:

Missiles
 y - a throwing net (quivered)
 J - 5 large rocks
Armour
 c - a +0 shield (worn)
 l - a +2 hat (worn)
 m - a +2 robe of positive energy (worn)
 H - a +0 large shield
Jewellery
 p - an uncursed ring of positive energy
 q - an uncursed ring of protection from cold
 B - an amulet of clarity (around neck)
 D - a ring of sustain attributes (left claw)
 E - an uncursed ring of wizardry
 G - an uncursed ring of protection from magic
 K - a ring of see invisible (right claw)
Scrolls
 a - a scroll of vulnerability {unknown}
 e - 13 scrolls of identify
 h - 6 scrolls of teleportation
 j - 2 scrolls of fog {unknown}
 k - a scroll of blinking {unknown}
 o - 4 scrolls of remove curse
 t - 3 scrolls of fear {unknown}
 u - a scroll of enchant armour {unknown}
 v - a scroll of magic mapping {unknown}
 w - a scroll of immolation {unknown}
 F - a scroll of amnesia {unknown}
 L - a scroll of enchant weapon {unknown}
Potions
 g - 3 potions of brilliance {unknown}
 i - a potion of lignification {unknown}
 n - a potion of might {unknown}
 s - 4 potions of curing
 z - 3 potions of heal wounds
 A - 2 potions of flight {unknown}
 C - 2 potions of invisibility {unknown}
 I - a potion of haste {unknown}
Comestibles
 b - 12 bread rations
 d - 15 fruits
 f - 3 beef jerkies
 r - 3 meat rations
 x - 2 slices of pizza
 M - 3 chunks of flesh


   Skills:
 - Level 5.7 Fighting
 - Level 10.1 Dodging
 - Level 1.1 Stealth
 - Level 5.8 Shields
 + Level 7.9 Unarmed Combat


You had 9 spell levels left.
You didn't know any spells.

Dungeon Overview and Level Annotations

Branches:
Dungeon (12/15)            Temple (0/1) D:6            Lair (0/8) D:9
    Orc: D:9-12

Altars:
Dithmenos
Fedhas
Gozag
Okawaru
Ru
Sif Muna
Yredelemnul
The Shining One

Shops:
D:4 !?   D:6 :   D:10 =

Annotations:
D:11 Snorg


Innate Abilities, Weirdness & Mutations

You are too large for most types of armour.
You have claws for hands.
Your metabolism is lightning-fast.
You like to eat raw meat.
You heal very quickly.
You are covered in fur (AC +1).
You have very tough skin (AC +2).
Potions and wands are less effective at restoring your health.
You cannot drink potions while threatened.
You cannot read scrolls while threatened.
You cannot study or use magical devices.
You are hated by all.


Message History

* * * LOW HITPOINT WARNING * * *
The 13-headed hydra barely misses you. You block the 13-headed hydra's attack.
The 13-headed hydra closely misses you. The 13-headed hydra misses you.
Unknown command.
Your shield prevents you from hitting the 13-headed hydra.
The 13-headed hydra is moderately wounded.
You block the 13-headed hydra's attack.
The 13-headed hydra completely misses you.
The 13-headed hydra barely misses you. You block the 13-headed hydra's attack.
You block the 13-headed hydra's attack.
The 13-headed hydra bites you but does no damage.
The 13-headed hydra bites you.
* * * LOW HITPOINT WARNING * * *
The 13-headed hydra bites you!
* * * LOW HITPOINT WARNING * * *
The 13-headed hydra bites you.
* * * LOW HITPOINT WARNING * * *
The 13-headed hydra bites you but does no damage.
The 13-headed hydra bites you!
You die...

.......)...............####..#
........))..[..#.......# .#
..............####..#..# .
..............# ##.###..#
#.............# #..# ##.###
##............###.## ....
#..............##.# ....
..................# ##..#
######.........@.##....#
#....#######D...# #..## ##..##
.. #..# #..# #... ##..# #..#
#..#


You could see a 13-headed hydra (blind).

Vanquished Creatures
  The ghost of carl the Ducker, an experienced TrMo of Ru (D:6)
  A manticore (D:11)
  A deep elf mage (D:9)
  2 hippogriffs
  Grum (D:9)
  Menkaure (D:6)
  2 wolves (D:9)
  2 orc warriors
  5 ice beasts
  A necrophage (D:5)
  3 sky beasts
  2 phantoms (D:4)
  3 ogres
  3 centaurs
  5 big kobolds (D:5)
  5 giant frogs
  4 wights (D:6)
  13 killer bees
  2 hounds (D:5)
  2 giant frog zombies
  4 crimson imps
  A giant frog skeleton (D:4)
  11 orc wizards
  A centaur skeleton (D:8)
  3 jellies
  4 orc priests
  2 worker ants
  3 iguanas
  A hound zombie (D:7)
  A hound skeleton (D:10)
  A worker ant zombie (D:10)
  11 gnolls
  10 adders
  4 oozes
  An adder skeleton (D:4)
  An adder zombie (D:8)
  3 worms
  2 giant geckos
  25 orcs
  4 giant cockroaches
  12 hobgoblins
  16 jackals
  A ball python (D:4)
  16 bats
  3 giant newts
  12 goblins
  56 kobolds
  4 quokkas
  A quokka skeleton (D:5)
  A quokka zombie (D:5)
  18 rats
292 creatures vanquished.

Vanquished Creatures (others)
  A hill giant (D:10)
  A two-headed ogre (D:11)
  A giant frog (D:6)
  A kobold (D:5)
4 creatures vanquished.

Grand Total: 296 creatures vanquished

Notes
Turn   | Place    | Note
--------------------------------------------------------------
     0 | D:1      | carl the Troll Monk began the quest for the Orb.
     0 | D:1      | Reached XP level 1. HP: 22/22 MP: 0/0
   115 | D:1      | Reached XP level 2. HP: 29/29 MP: 1/1
   622 | D:2      | Found an iron altar of Okawaru.
   697 | D:2      | Reached skill level 5 in Unarmed Combat
   697 | D:2      | Reached XP level 3. HP: 36/36 MP: 2/2
  1232 | D:3      | Reached XP level 4. HP: 34/44 MP: 3/3
  1483 | D:3      | Found an opulent altar of Gozag.
  1488 | D:3      | Found a sacrificial altar of Ru.
  1497 | D:3      | Became a worshipper of Ru the Awakened
  1512 | D:3      | Gained mutation: You cannot drink potions while threatened. [Ru sacrifice]
  1512 | D:3      | Acquired Ru's first power
  1711 | D:3      | Reached XP level 5. HP: 40/50 MP: 4/4
  1939 | D:4      | Found Iprar's Magic Scroll Shoppe.
  1953 | D:4      | Bought a scroll of identify for 20 gold pieces
  1953 | D:4      | Bought a scroll of remove curse for 30 gold pieces
  1953 | D:4      | Bought a scroll of identify for 20 gold pieces
  1953 | D:4      | Bought a scroll of identify for 20 gold pieces
  1953 | D:4      | Bought a scroll of identify for 20 gold pieces
  2081 | D:4      | Bought a scroll of random uselessness for 10 gold pieces
  2081 | D:4      | Bought a scroll of teleportation for 30 gold pieces
  2100 | D:4      | Found Joydghown's Distillery.
  2123 | D:4      | Noticed a phantom
  2148 | D:4      | Killed a phantom
  2148 | D:4      | Reached skill level 5 in Dodging
  2148 | D:4      | Reached XP level 6. HP: 29/59 MP: 5/5
  2192 | D:4      | Noticed a phantom
  2201 | D:4      | Killed a phantom
  2810 | D:4      | Bought a potion of mutation for 35 gold pieces
  2810 | D:4      | Bought a potion of poison for 14 gold pieces
  2825 | D:5      | Entered Level 5 of the Dungeon
  2976 | D:5      | Reached skill level 6 in Dodging
  2976 | D:5      | Reached XP level 7. HP: 66/66 MP: 6/6
  3052 | D:5      | Gained mutation: You cannot study or use magical devices. [Ru sacrifice]
  3052 | D:5      | Acquired Ru's second power
  3052 | D:5      | Acquired Ru's third power
  3052 | D:5      | Acquired Ru's fourth power
  3182 | D:5      | Reached skill level 7 in Dodging
  3834 | D:5      | Reached XP level 8. HP: 59/72 MP: 7/7
  3838 | D:5      | Reached skill level 8 in Dodging
  4417 | D:5      | Reached skill level 9 in Dodging
  4565 | D:4      | Bought a potion of degeneration for 14 gold pieces
  4565 | D:4      | Bought a potion of heal wounds for 70 gold pieces
  4565 | D:4      | Bought a potion of curing for 42 gold pieces
  4670 | D:6      | Found Qisymua's Book Shop.
  4687 | D:6      | Found a basalt altar of Yredelemnul.
  4762 | D:6      | Found a staircase to the Ecumenical Temple.
  4835 | D:6      | Found a blossoming altar of Fedhas.
  4841 | D:6      | Noticed carl's ghost (experienced TrMo)
  5056 | D:6      | Gained mutation: Potions and wands are less effective at restoring your health. [Ru sacrifice]
  5056 | D:6      | Acquired Ru's fifth power
  5117 | D:6      | Killed carl's ghost
  5117 | D:6      | Reached skill level 10 in Dodging
  5117 | D:6      | Reached XP level 9. HP: 44/78 MP: 8/8
  5438 | D:6      | Noticed Menkaure
  5609 | D:6      | Killed Menkaure
  5793 | D:6      | Found a deep blue altar of Sif Muna.
  6219 | D:7      | Reached skill level 5 in Fighting
  6900 | D:8      | Found a shadowy altar of Dithmenos.
  6922 | D:8      | Reached skill level 1 in Shields
  7313 | D:8      | Gained mutation: You cannot read scrolls while threatened. [Ru sacrifice]
  7378 | D:7      | Reached XP level 10. HP: 87/96 MP: 9/9
  7914 | D:9      | Found a staircase to the Lair.
  7941 | D:9      | You fall through a shaft for 3 floors!
  7957 | D:11     | Noticed a manticore
  7975 | D:11     | Killed a manticore
  8000 | D:11     | Noticed Snorg
  8020 | D:10     | Entered Level 10 of the Dungeon
  8182 | D:9      | Found a glowing golden altar of the Shining One.
  8348 | D:9      | Noticed Grum
  8362 | D:9      | Killed Grum
  8362 | D:9      | Reached skill level 5 in Shields
  8628 | D:9      | Found a blossoming altar of Fedhas.
  8681 | D:9      | Gained mutation: You are hated by all. [Ru sacrifice]
  8925 | D:10     | Noticed a hill giant
  8931 | D:10     | Killed a hill giant
  9176 | D:10     | Found Ewuotoap's Jewellery Shop.
  9342 | D:11     | Noticed a cyclops
  9363 | D:11     | Noticed an eight-headed hydra
  9374 | D:11     | Mangled by a 13-headed hydra

Vault maps used:
D:1:      minmay_arrival_open_corners
D:2:      okawaru_trees_2
D:3:      overflow_temple_1_default, grunt_gozag_statues
D:4:      first_bread, serial_shops, shop_coins, nicolae_shop_waterfront
D:5:      minmay_goblin_kobold_castle
D:6:      lemuel_crystal_altar, overflow_temple_1_default, led_sif_pool,
          temple_green, serial_shops, kennysheep_mini, uniq_menkaure
D:8:      lemuel_round_altar
D:9:      nicolae_overflow_crystal_walls, lair_0_dummy, basic_altar, uniq_grum
D:10:     lemuel_ice_spiral_2, serial_shops, nicolae_shop_trees
D:11:     david_orc_5, basic_altar, minmay_another_anthill, uniq_snorg
D:12:     serial_shops, shop, grunt_livestock

Action                   |  1- 3 |  4- 6 |  7- 9 | 10-12 || total
-------------------------+-------+-------+-------+-------++-------
Melee: Unarmed           |    93 |   147 |   634 |   225 ||  1099
Invok: Sacrifice Drink   |       |     1 |       |       ||     1
       Sacrifice Artific |       |       |     1 |       ||     1
       Draw Out Power    |       |       |     3 |       ||     3
       Sacrifice Purity  |       |       |     1 |       ||     1
       Sacrifice Words   |       |       |     1 |       ||     1
       Sacrifice Love    |       |       |       |     1 ||     1
  Use: Scroll            |       |       |     1 |     2 ||     3
 Stab: Sleeping          |     4 |     2 |     3 |       ||     9
       Invisible         |       |       |     8 |     5 ||    13
       Distracted        |       |       |     2 |     1 ||     3
       Paralysed         |       |       |       |     5 ||     5
  Eat: Chunk             |    10 |    20 |    38 |    23 ||    91
